 Dungeon Crawl Stone Soup version 0.31.0-11-ge490571c62 (webtiles) character file.

Game seed: 11211903053850295143

20 Flugkiller the Chiller (level 2, -4/13 HPs)
             Began as a Vine Stalker Ice Elementalist on Feb 3, 2024.
             Slain by a gnoll
             ... wielding a +0 flail
              (10 damage)
             ... on level 3 of the Dungeon.
             The game lasted 00:01:01 (314 turns).

Flugkiller the Chiller (VSIE)                        Turns: 314, Time: 00:01:01

Health: -4/13      AC:  3    Str: 10    XL:     2   Next: 79%
Magic:  0/6        EV: 11    Int: 15    God:
Gold:   25         SH:  0    Dex: 14    Spells: 5/6 levels left

rFire   . . .        c - +0 dagger
rCold   . . .        (no shield)
rNeg    . . .        f - +0 troll leather armour
rPois   +            (no helmet)
rElec   .            (no cloak)
rCorr   .            (no gloves)
SInv    .            (no boots)
Will    .....        (no amulet)
Stlth   ++           o - ring of poison resistance
HPRegen 1.82/turn    (no ring)
MPRegen 0.10/turn

%: guardian spirit
@: mighty
A: fangs 2, regeneration 1, magic shield, antimagic bite, no potion heal 2
a: no special abilities


You were on level 3 of the Dungeon.
You visited 1 branch of the dungeon, and saw 3 of its levels.

You collected 25 gold pieces.

Inventory:

Hand Weapons
 c - a +0 dagger (weapon)
   (You took it off a goblin on level 1 of the Dungeon)
Armour
 a - a +0 robe
 f - a +0 troll leather armour (worn)
   (You found it on level 2 of the Dungeon)
Jewellery
 o - a ring of poison resistance (left hand)
   (You found it on level 2 of the Dungeon)
Scrolls
 d - a scroll of blinking {unknown}
 g - a scroll of teleportation {unknown}
Potions
 b - 2 potions of magic


   Skills:
 - Level 1.5 Dodging
 - Level 2.4 Stealth
 + Level 2.8 Spellcasting
 + Level 4.4 Ice Magic


You had 5 spell levels left.
You knew the following spells:

 Your Spells              Type           Power      Damage    Failure   Level
a - Freeze                Ice            60%        1d7       4%          1

Your spell library contained the following spells:

 Spells                   Type           Power      Damage    Failure   Level
 Frozen Ramparts          Ice            30%        1d5       14%         3
 Ozocubu's Armour         Ice            15%        N/A       14%         3
 Summon Ice Beast         Ice/Summ       8%         N/A       32%         3


Dungeon Overview and Level Annotations

Branches:
Dungeon (3/15) Zot: 17685

Altars:


Innate Abilities, Weirdness & Mutations

You have extremely sharp teeth.
Your natural rate of healing is unusually fast.
When hurt, damage is shared between your health and your magic reserves.
Your bite disrupts and absorbs the magic of your enemies.
Potions cannot restore your health.


Message History

o - a ring of poison resistance
o - a ring of poison resistance (left hand)
e - an emerald potion
Found 4 stones.
b - 2 potions of magic (gained 1)
A ribbon worm comes into view.
Found a chain mail.
Found 4 gold pieces.
Found a stone staircase leading down.
The ribbon worm expels a string of sticky webbing.
The stream of webbing misses you.
Unknown command.
You hit the ribbon worm. You bite the ribbon worm. You drain its power.
The ribbon worm is moderately wounded.
Casting: Freeze (safe; 3% risk of failure)
Confirm with . or Enter, or press ? or * to list all spells.
Aiming: Freeze (safe; 3% risk of failure)
Press: ? - help, Shift-Dir - straight line, f - ribbon worm
Aim: a ribbon worm (moderately wounded, catching its breath)
You freeze the ribbon worm!
The ribbon worm is severely wounded.
The ribbon worm bites you!
Casting: Freeze (safe; 3% risk of failure)
Confirm with . or Enter, or press ? or * to list all spells.
Aiming: Freeze (safe; 3% risk of failure)
Press: ? - help, Shift-Dir - straight line, f/p - ribbon worm
Aim: a ribbon worm (heavily wounded, catching its breath)
You freeze the ribbon worm.
The ribbon worm is severely wounded.
The ribbon worm bites you but does no damage.
You hit the ribbon worm. You bite the ribbon worm. You drain its power.
You feel invigorated.
The ribbon worm is severely wounded.
The ribbon worm barely misses you.
You barely miss the ribbon worm.
You bite the ribbon worm, but do no damage.
The ribbon worm is severely wounded.
The ribbon worm expels a string of sticky webbing.
The stream of webbing misses you.
You hit the ribbon worm.
The ribbon worm is almost dead.
You hit the ribbon worm. You bite the ribbon worm.
You kill the ribbon worm!
Found a troll leather armour.
You see here a +0 chain mail.
You now have 24 gold pieces (gained 4).
Found a scroll labelled OFIHIDAULO.
You see here a +0 troll leather armour.
You start removing your armour.
You continue taking off your +0 robe. x4
You finish taking off your +0 robe.
You start putting on your armour.
You continue putting on your +0 troll leather armour. x5
You finish putting on your +0 troll leather armour.
The armour throbs as it attunes itself to your uninjured body.
g - a scroll labelled OFIHIDAULO
There is a stone staircase leading down here.
You climb downwards.
There is a stone staircase leading up here.
Unknown command.
A kobold comes into view. It is wielding a +0 dagger.
Found a short sword.
The helpless kobold fails to defend itself.
You puncture the kobold!
You kill the kobold!
You see here a +0 dagger.
No target in view!
You see here a +0 short sword.
Found a gold piece.
You now have 25 gold pieces (gained 1). 2 gnolls come into view.
Found a stone staircase leading down.
What are your orders? t - Shout!
Orders for allies: a - Attack new target. r - Retreat! s - Stop attacking. g - Guard the area. f - Follow me.
Anything else - Cancel.
You shout for attention!
The gnoll shouts!
A gnoll comes into view. It is wielding a +0 spear.
You aren't carrying any items that you can evoke.
Unknown command.
It was a potion of might.
You feel very mighty all of a sudden.
Unknown command.
The gnoll hits you with a +0 flail!
Ouch! That really hurt!
The gnoll hits you from afar with a +0 spear.
* * * LOW HITPOINT WARNING * * *
Casting: Freeze (safe; 4% risk of failure)
Confirm with . or Enter, or press ? or * to list all spells.
Aiming: Freeze (safe; 4% risk of failure)
Press: ? - help, Shift-Dir - straight line, f - gnoll
Aim: a gnoll, wielding a +0 flail You freeze the gnoll!
The gnoll is heavily wounded.
The gnoll hits you but does no damage. The gnoll closely misses you.
You hit the gnoll.
The gnoll is severely wounded.
The gnoll hits you with a +0 flail!
Ouch! That really hurt!
You die...

## g# g# .###
>..
#########.#
#...@ggg..#
#.#########
#.#.......#
#.#<......#
####.###.#####
#....#...#
#)####.###
#).....#
########


You could see 3 gnolls.

Vanquished Creatures
  A ribbon worm (D:2)
  A dart slug (D:1)
  An endoplasm (D:1)
  A giant cockroach (D:1)
  2 goblins (D:1)
  2 hobgoblins (D:1)
  2 ball pythons (D:1)
  2 bats (D:1)
  A kobold (D:3)
  2 rats (D:1)
15 creatures vanquished.

Notes
Turn   | Place    | Note
-------+----------+-------------------------------------------
     0 | D:1      | Flugkiller the Vine Stalker Ice Elementalist began the
                  | quest for the Orb.
     0 | D:1      | Reached XP level 1. HP: 9/9 MP: 4/4
    73 | D:1      | Reached XP level 2. HP: 13/13 MP: 0/6
   314 | D:3      | Slain by a gnoll

Illustrated notes

Levels and vault maps discovered:
D:1:      lightli_arrival_farm, layout_rooms, serial_curves, eino_curves_04,
          eino_curves_03, eino_curves_01, minmay_door_square, minivault_25,
          serial_park_tiny_2
D:2:      layout_rooms, basic_altar, serial_bayou_lake_a
D:3:      layout_basic

Action                     || total
---------------------------++-------
  Melee: Unarmed           ||    26
         Bite              ||     9
         Dagger            ||    12
         Punch             ||     2
   Cast: Freeze            ||    15
    Use: Potion            ||     1
   Stab: Sleeping          ||     1
 Armour: Robe              ||    22
         Troll leather arm ||     4
  Dodge: Dodged            ||    30
